 Dungeon Crawl Stone Soup version 0.31-a0-234-gad7ace16ef (webtiles) character file.

Game seed: 4384894263026053925

51 qw the Shooter (level 3, -2/21 HPs)
             Began as a Gargoyle Hexslinger on July 9, 2023.
             Slain by an iguana (4 damage)
             ... on level 3 of the Dungeon.
             The game lasted 00:00:33 (1443 turns).

qw the Shooter (Gargoyle Hexslinger)                Turns: 1443, Time: 00:00:34

Health: -2/21      AC: 11    Str: 11    XL:     3   Next: 81%
Magic:  4/4        EV: 10    Int: 13    God:
Gold:   166        SH:  0    Dex: 14    Spells: 3/4 levels left

rFire   . . .        Y - +1 sling (flame)
rCold   . . .        (no shield)
rNeg    + . .        b - +0 ring mail
rPois   inf          (no helmet)
rElec   +            (no cloak)
rCorr   .            c - +2 pair of gloves
SInv    .            (no boots)
Will    .....        (no amulet)
Stlth   +            (no ring)
HPRegen 0.23/turn    (no ring)
MPRegen 0.09/turn

%: no passive effects
@: no status effects
A: sickness immunity, AC +3, negative energy resistance 1, electricity
resistance, torment resistance 1, petrification resistance
a: no special abilities


You were on level 3 of the Dungeon.
You visited 1 branch of the dungeon, and saw 3 of its levels.

You collected 166 gold pieces.


Innate Abilities, Weirdness & Mutations

You are immune to sickness and miasma.
Your stone body is resilient. (AC +3)
You are immune to poison.
You resist negative energy. (rN+)
You are resistant to electric shocks. (rElec)
You are resistant to unholy torment.
You are immune to petrification.


   Skills:
 - Level 2.0 Fighting
 + Level 3.4 Ranged Weapons
 - Level 1.0 Armour
 - Level 1.5 Dodging
 - Level 1.0 Spellcasting
 - Level 2.6 Hexes


You had 3 spell levels left.
You knew the following spells:

 Your Spells              Type           Power      Damage    Failure   Level
a - Slow                  Hex            28%        N/A       22%         1

Your spell library contained the following spells:

 Spells                   Type           Power      Damage    Failure   Level
 Inner Flame              Hex/Fire       4%         N/A       75%         3
 Portal Projectile        Hex/Tloc       8%         N/A       75%         3
 Cause Fear               Hex            3%         N/A       91%         4

Inventory:

Hand Weapons
 Y - a +1 sling of flaming (weapon)
Armour
 b - a +0 ring mail (worn)
 c - a +2 pair of gloves (worn)
Scrolls
 d - a scroll of identify
Potions
 a - 2 potions of enlightenment
 e - a potion of curing {unknown}

Dungeon Overview and Level Annotations

Branches:
Dungeon (3/15)

Altars:


Message History

The sling bullet burns the worm.
The worm is almost dead.
You shoot a sling bullet. The sling bullet hits the worm.
The sling bullet burns the worm.
You kill the worm!
An iguana comes into view.
The iguana hisses angrily.
Enter note:
Enter note:
Enter note:
Enter note:
Enter note:
Enter note: You shoot a sling bullet.
The sling bullet closely misses the iguana.
You shoot a sling bullet.
The sling bullet barely misses the iguana.
You shoot a sling bullet.
The sling bullet hits the iguana but does no damage.
The iguana hisses menacingly.
You shoot a sling bullet. The sling bullet hits the iguana!
The sling bullet burns the iguana.
The iguana is severely wounded.
You shoot a sling bullet.
The sling bullet hits the iguana but does no damage.
The iguana is severely wounded.
The iguana bites you. x2
You shoot a sling bullet.
The sling bullet hits the iguana but does no damage.
The iguana is severely wounded.
The iguana bites you!
You shoot a sling bullet.
The sling bullet closely misses the iguana.
The iguana barely misses you.
You shoot a sling bullet.
The sling bullet closely misses the iguana.
The iguana bites you!
The iguana hisses menacingly.
The iguana bites you.
You die...

.^^^. .^^.. ...... ...^
...... ## ##..####......
#.####. ...#.........
..#......## #...........
#.........###...........
#.........##...........
#..............@l......
#..........##..........
#.............######.##
#.............#
.........#....#
...............#
<..............#
##...:.......(.##
.#..............#


You could see an iguana.

Vanquished Creatures
  A worm (D:3)
  3 bats (D:1)
  6 endoplasms
  4 giant cockroaches
  2 goblins
  4 hobgoblins
  9 jackals
  2 ball pythons
  2 frilled lizards (D:1)
  2 kobolds
  5 rats
40 creatures vanquished.

Notes
Turn   | Place    | Note
-------+----------+-------------------------------------------
     0 | D:1      | qw the Gargoyle Hexslinger began the quest for the Orb.
     0 | D:1      | Reached XP level 1. HP: 12/12 MP: 2/2
     0 | D:1      | 0 ||| qw: Version: 0.3-a-51-g015441d
     0 | D:1      | 0 ||| qw: Game counter: 4200
     0 | D:1      | 0 ||| qw: Melee chars always use a shield: true
     0 | D:1      | 0 ||| qw: God list: Okawaru
     0 | D:1      | 0 ||| qw: Allow faded altars: false
     0 | D:1      | 0 ||| qw: Do Orc after clearing Dungeon:15 true
     0 | D:1      | 0 ||| qw: Do second Lair branch before Depths: true
     0 | D:1      | 0 ||| qw: Lair rune preference: random
     0 | D:1      | 0 ||| qw: Goals: Normal
     0 | D:1      | 0 ||| PLANNING D:1-11
   126 | D:1      | Reached XP level 2. HP: 15/16 MP: 3/3
   164 | D:1      | Reached skill level 3 in Ranged Weapons
   571 | D:1      | 571 ||| UPGRADING to +0 leather armour.
   581 | D:1      | 581 ||| DROPPING +0 robe.
   582 | D:1      | 582 ||| UPGRADING to +1 pair of gloves.
   587 | D:1      | 587 ||| READING scroll labelled BEF SIRULULL.
   588 | D:1      | 588 ||| READING scroll labelled XEK DASKOUGUSCH.
   589 | D:1      | 589 ||| READING scroll labelled VUJIYLO LEAXT.
   594 | D:1      | 594 ||| READING scroll labelled NUEGIY LYFUJ.
   595 | D:1      | 595 ||| DROPPING scroll of poison.
   631 | D:2      | Reached XP level 3. HP: 21/21 MP: 4/4
  1240 | D:2      | 1240 ||| UPGRADING to +0 ring mail.
  1250 | D:2      | 1250 ||| UPGRADING to +2 pair of gloves.
  1260 | D:2      | 1260 ||| DROPPING +0 leather armour.
  1261 | D:2      | 1261 ||| DROPPING +1 pair of gloves.
  1262 | D:2      | 1262 ||| READING 3 scrolls labelled QOF OLIMMI.
  1263 | D:2      | 1263 ||| READING scroll labelled TAGRARCH TAKH.
  1264 | D:2      | 1264 ||| READING scroll labelled SUFEHE XUJAHO.
  1265 | D:2      | 1265 ||| DRINKING 3 glowing grey potions.
  1266 | D:2      | 1266 ||| READING 2 scrolls of identify.
  1266 | D:2      | 1266 ||| IDENTIFYING emerald potion
  1267 | D:2      | 1267 ||| DROPPING potion of brilliance.
  1395 | D:3      | Reached skill level 1 in Armour
  1443 | D:3      | HP: 2/21 [iguana (8)]
  1443 | D:3      | Slain by an iguana

Levels and vault maps discovered:
D:1:      denvon_arrival_waterhouse, layout_basic
D:2:      layout_loops_cross, chequers_serial_rivers_micro_c
D:3:      layout_rooms, nicolae_wormholes

Skill      XL: |  1  2  3 |
---------------+----------+-----
Ranged Weapons | 3 |  3.4
Fighting       | 2 |  2.0
Armour         | 1 |  1.0
Dodging        | |  1.5
Spellcasting   | |  1.0
Hexes          | |  2.6

Action                     || total
---------------------------++-------
   Fire: Sling             ||   105
    Use: Scroll            ||     8
         Potion            ||     1
 Armour: Robe              ||     9
         Ring mail         ||    14
         Leather armour    ||     1
  Dodge: Dodged            ||    36

Table legend:
 A = Non-vault XP
 B = Vault XP
 C = Vault XP percentage of total XP
 D = Non-vault monster count
 E = Vault monster count
 F = Vault count percentage of total count
                 A         B        C        D         E       F
            +---------+---------+-------+---------+---------+-------
      Total |      68 |       5 |   6.8 |      39 |       1 |   2.5
            +---------+---------+-------+---------+---------+-------
        D:1 |      28 |       0 |   0.0 |      17 |       0 |   0.0
        D:2 |      20 |       0 |   0.0 |      11 |       0 |   0.0
        D:3 |      20 |       5 |  20.0 |      11 |       1 |   8.3
            +---------+---------+-------+---------+---------+-------
